 Seeded DCSS version 0.30-a0-341-g682706514a (webtiles) character file.

Game seed: 7546444273606669642 (custom seed)

16 NinjaNoafa the Ducker (level 2, 0/23 HPs)
             Began as a Merfolk Gladiator on Nov 3, 2022.
             Slain by a goblin
             ... wielding a +0 club
              (1 damage)
             ... on level 1 of the Dungeon.
             The game lasted 00:00:41 (220 turns).

NinjaNoafa the Ducker (Merfolk Gladiator)            Turns: 220, Time: 00:00:42

Health: 0/23       AC:  4    Str: 14    XL:     2   Next: 54%
Magic:  2/2        EV: 13    Int:  7    God:
Gold:   7          SH:  0    Dex: 15    Spells: 1/1 levels left

rFire   . . .      SeeInvis .    a - +0 rapier
rCold   . . .      Faith    .    (no shield)
rNeg    . . .      Spirit   .    b - +0 leather armour
rPois   .          Reflect  .    c - +0 helmet
rElec   .          Harm     .    (no cloak)
rCorr   .          Rampage  .    (no gloves)
Will    .....                    (no boots)
Stlth   +.........               (no amulet)
HPRegen 0.23/turn                (no ring)
MPRegen 0.08/turn                (no ring)

@: no status effects
A: (nimble swimmer 2), mertail
a: no special abilities


You were on level 1 of the Dungeon.
You visited 1 branch of the dungeon, and saw 1 of its levels.

You collected 7 gold pieces.

Inventory:

Hand Weapons
 a - a +0 rapier (weapon)
Missiles
 d - 3 throwing nets (quivered)
 e - a javelin
 f - 17 stones
Armour
 b - a +0 leather armour (worn)
 c - a +0 helmet (worn)


   Skills:
 + Level 2.6 Fighting
 + Level 4.0 Short Blades
 - Level 2.0 Throwing
 + Level 4.4 Dodging


You had one spell level left.
You didn't know any spells.
Your spell library was empty.

Dungeon Overview and Level Annotations

Branches:
Dungeon (1/15)

Altars:


Innate Abilities, Weirdness & Mutations

((You are very nimble when in or above water. (Stealth+, EV+, Speed+++)))
Your lower body shifts to a powerful aquatic tail in water.


Message History

You are too injured to fight recklessly!
You are too injured to fight recklessly!
You are too injured to fight recklessly!
You are too injured to fight recklessly!
Unknown command.
You hit the goblin but do no damage. The ball python barely misses you.
The ball python constricts you. The rat barely misses you.
The goblin closely misses you.
A goblin comes into view. It is wielding a +0 club.
You hit the ball python.
You kill the ball python!
The goblin hits you with a +0 club. The rat misses you.
You hit the goblin.
The goblin is severely wounded.
The goblin hits you with a +0 club. The rat completely misses you.
You closely miss the goblin.
The goblin is severely wounded.
The goblin hits you with a +0 club.
* * * LOW HITPOINT WARNING * * *
The rat closely misses you.
You barely miss the goblin.
The goblin is severely wounded.
The goblin closely misses you. The rat bites you but does no damage.
You hit the goblin but do no damage.
The goblin is severely wounded.
The goblin hits you but does no damage. The hobgoblin barely misses you.
The rat barely misses you.
You barely miss the hobgoblin. The hobgoblin barely misses you.
The rat bites you.
* * * LOW HITPOINT WARNING * * *
A jackal comes into view.
The goblin barely misses you. The rat bites you but does no damage.
The goblin hits you but does no damage. The hobgoblin hits you.
* * * LOW HITPOINT WARNING * * *
The jackal moves out of view.
Things that are here:
a +0 dagger; a jackal corpse; a goblin corpse You aren't carrying any potions.
The goblin attacks as you move away! The goblin hits you with a +0 club.
You die...

#.##.##.#.# . .. .
#.##.##.#.# . ...
.###...#...#.# . ...
..##..###††#.##. #.#
#.##.## ##...... #...
#.##..###..#.#.#
#.#.###.#....#.....#.#
#...grg.#...#.#..###.#
#...@......#.#..# #.#
...$###g†..........#
#.# # #..###..#.#.##
#.# #..# #..#.#.# #.#
#... ...# # #.#
...###... #.. #####
###. ### .#


You could see a hobgoblin, 2 goblins and a rat.

Vanquished Creatures
  A dart slug (D:1)
  An endoplasm (D:1)
  A goblin (D:1)
  A jackal (D:1)
  A quokka (D:1)
  4 ball pythons (D:1)
  2 bats (D:1)
  A kobold (D:1)
  A rat (D:1)
13 creatures vanquished.

Notes
Turn   | Place    | Note
-------+----------+-------------------------------------------
     0 | D:1      | NinjaNoafa the Merfolk Gladiator began the quest for the
                  | Orb.
     0 | D:1      | Reached XP level 1. HP: 16/16 MP: 1/1
   136 | D:1      | Reached XP level 2. HP: 18/23 MP: 2/2
   219 | D:1      | HP: 1/23 [hobgoblin (3)]
   220 | D:1      | Slain by a goblin

Illustrated notes

Levels and vault maps discovered:
D:1:      elethiomel_arrival_infinity_welcomes_careful_drivers,
          layout_loops_ring, chequers_mini_garden, minmay_misc_feat_encased

Skill      XL: |  1  2 |
---------------+-------+-----
Short Blades   | 4 |  4.0
Fighting       | |  2.6
Throwing       | |  2.0
Dodging        | |  4.4

Action                   || total
-------------------------++-------
Melee: Rapier            ||    45
       Punch             ||     1
Armor: Leather armour    ||    19
Dodge: Dodged            ||    71

Table legend: (Time is in decaauts)
 A = Elapsed time spent in this place.
 B = Non-inter-level travel time spent in this place.
 C = Inter-level travel time spent in this place.
 D = Time resting spent in this place.
 E = Time spent auto-exploring this place.
 F = Levels seen in this place.
 G = Mean time per level.
                   A        B        C        D        E       F      G
               +--------+--------+--------+--------+--------+-----+--------+
         Total |    220 |    220 |      0 |      0 |    130 |   1 |  220.0 |
       Dungeon |    220 |    220 |      0 |      0 |    130 |   1 |  220.0 |
               +--------+--------+--------+--------+--------+-----+--------+

Top non-repeatable levels by time:
     D:1: 220 daAuts
